 Dungeon Crawl Stone Soup version 0.28.0-53-g5a82cb258f (webtiles) character file.

Game seed: 16144494428770267897

401 Descartes the Shield-Bearer (level 7, -14/52 HPs)
             Began as a Formicid Fighter on Aug 23, 2022.
             Was an Initiate of Gozag.
             Demolished by an ogre
             ... wielding a +0 giant club
              (25 damage)
             ... on level 3 of the Dungeon.
             The game lasted 00:05:18 (4602 turns).

Descartes the Shield-Bearer (Formicid Fighter)      Turns: 4602, Time: 00:05:18

Health: -14/52     AC:  9    Str: 21    XL:     7   Next: 11%
Magic:  7/7        EV:  7    Int:  9    God:    Gozag
Gold:   174        SH:  5    Dex: 10    Spells: 6/6 levels left

rFire   . . .      SeeInvis +   a - +0 war axe
rCold   . . .      Faith    .   c - +0 buckler
rNeg    . . .      Spirit   .   e - +0 chain mail
rPois   .          Reflect  .   (helmet unavailable)
rElec   .          Harm     .   (no cloak)
rCorr   .          Rampage  .   (no gloves)
Will    .....                   (no boots)
Stlth   ..........              (no amulet)
HPRegen 0.17/turn               (no ring)
MPRegen 0.10/turn               (no ring)

@: no status effects
A: permanent stasis, dig shafts and tunnels, antennae 3, four strong arms
a: Dig, Shaft Self, Renounce Religion, Potion Petition, Call Merchant, Bribe
Branch


You were on level 3 of the Dungeon.
You worshipped Gozag.
Gozag was aware of your devotion.
You visited 2 branches of the dungeon, and saw 5 of its levels.

You collected 255 gold pieces.
You paid 81 gold pieces to Gozag.

Inventory:

Hand Weapons
 a - a +0 war axe (weapon)
Missiles
 g - 79 stones
 k - 42 arrows
 r - a boomerang
 s - 20 sling bullets
Armour
 b - a +0 scale mail
 c - a +0 buckler (worn)
 e - a +0 chain mail (worn)
Jewellery
 y - a ring of fire
Scrolls
 f - 4 scrolls of teleportation {unknown}
 i - a scroll of noise {unknown}
 j - a scroll of summoning {unknown}
 n - 5 scrolls of identify {unknown}
 p - 2 scrolls of vulnerability {unknown}
 t - a scroll of brand weapon {unknown}
 u - a scroll of magic mapping {unknown}
 v - a scroll of enchant weapon {unknown}
 x - a scroll of immolation {unknown}
 z - 2 scrolls of amnesia {unknown}
 A - a scroll of fog {unknown}
Potions
 d - 2 potions of might
 h - 3 potions of curing {unknown}
 l - a potion of resistance {unknown}
 m - 2 potions of lignification {unknown}
 o - a potion of heal wounds {unknown}
 q - a potion of berserk rage {unknown}
 w - a potion of attraction {unknown}


   Skills:
 - Level 3.2 Fighting
 + Level 4.3 Axes
 + Level 5.4 Armour
 + Level 5.9 Shields


You had 6 spell levels left.
You didn't know any spells.
Your spell library contained the following spells:

 Spells                   Type           Power      Damage    Failure   Level
 Animate Skeleton         Necr           0%         N/A       99%         1
 Apportation              Tloc           0%         N/A       99%         1
 Summon Small Mammal      Summ           0%         N/A       99%         1


Dungeon Overview and Level Annotations

Branches:
Dungeon (4/15)             Temple (1/1) D:4

Altars:
Elyvilon
Gozag
Makhleb
Sif Muna
Uskayaw
Wu Jian
Yredelemnul
Zin
The Shining One


Innate Abilities, Weirdness & Mutations

You cannot be hasted, slowed, berserked, paralysed or teleported.
You can dig through walls and to a lower floor.
You have a pair of large antennae on your head. (SInv)
Your four strong arms can wield two-handed weapons with a shield.


Message History

You are too injured to fight recklessly!
You are too injured to fight recklessly!
You are too injured to fight recklessly!
You are too injured to fight recklessly!
You are too injured to fight recklessly!
You are too injured to fight recklessly!
You are too injured to fight recklessly!
You are too injured to fight recklessly!
You are too injured to fight recklessly!
You are too injured to fight recklessly!
You are too injured to fight recklessly!
You are too injured to fight recklessly!
You are too injured to fight recklessly!
You are too injured to fight recklessly!
You completely miss the ogre.
The ogre is lightly wounded.
The ogre hits you with a +0 giant club.
* * * LOW HITPOINT WARNING * * *
Unknown command.
You open the door.
There is an open door here.
The ogre completely misses you.
There is a stone staircase leading up here.
The ogre barely misses you.
You climb upwards.
There is a stone staircase leading down here.
You hit the ogre but do no damage. You block the ogre's attack.
You hit the ogre but do no damage. The ogre hits you with a +0 giant club.
You slash the ogre!
The ogre is moderately wounded.
The ogre closely misses you.
You hit the ogre.
The ogre is heavily wounded.
The ogre hits you with a +0 giant club!
* * * LOW HITPOINT WARNING * * *
You slash the ogre!
The ogre is almost dead.
The ogre hits you with a +0 giant club!!
You die...
Your body crumbles into a pile of gold.

.....####.#### .....# #.#
#.#### #.# #.# #.# #.# #.#
..# #.# #.## #.# #########
.#.######.# ####.......#
..........# ##@...#####.#
### #.#############.O##.#
#.####.## #.##
#<......[....# #.......#
...# #..<......##.#
#.####.## ...#
#.........##.#####.# #.#
...#
#..............<...####.##
...#
#........############.....
...# #.รท......# #######
#.#.## ...#####........#
#.....# #.#.##


You could see an ogre.

Vanquished Creatures
  An ogre (D:4)
  A phantom (D:4)
  A hound (D:3)
  Natasha (thrice) (D:3)
  4 adders
  3 gnolls
  2 dart slugs
  9 orcs
  2 ball pythons
  7 endoplasms
  2 giant cockroaches (D:2)
  3 goblins
  5 hobgoblins
  4 kobolds
  A quokka (D:1)
  3 bats
  4 frilled lizards
  10 rats
65 creatures vanquished.

Vanquished Creatures (others)
  A gnoll (D:2)
1 creature vanquished.

Grand Total: 66 creatures vanquished

Notes
Turn   | Place    | Note
-------+----------+-------------------------------------------
     0 | D:1      | Descartes the Formicid Fighter began the quest for the Orb.
     0 | D:1      | Reached XP level 1. HP: 18/18 MP: 1/1
   187 | D:1      | Reached XP level 2. HP: 24/24 MP: 2/2
   206 | D:1      | Found a faded altar of an unknown god.
   991 | D:1      | Reached XP level 3. HP: 26/29 MP: 3/3
  1496 | D:2      | Reached XP level 4. HP: 15/35 MP: 4/4
  2625 | D:2      | Reached XP level 5. HP: 33/41 MP: 5/5
  2927 | D:3      | Noticed Natasha
  2931 | D:3      | Killed Natasha
  3115 | D:3      | Reached skill level 5 in Shields
  3229 | D:3      | Noticed Natasha
  3243 | D:3      | Killed Natasha
  3379 | D:3      | Noticed Natasha
  3386 | D:3      | Killed Natasha
  3387 | D:3      | Reached XP level 6. HP: 39/47 MP: 6/6
  3593 | D:4      | Reached skill level 5 in Armour
  3892 | D:4      | Noticed an ogre
  3903 | D:4      | Killed an ogre
  3904 | D:4      | Reached XP level 7. HP: 13/52 MP: 7/7
  4220 | D:4      | Found a staircase to the Ecumenical Temple.
  4237 | Temple   | Entered the Ecumenical Temple
  4490 | Temple   | Became a worshipper of Gozag Ym Sagoz the Greedy
  4602 | D:3      | Demolished by an ogre

Illustrated notes

Levels and vault maps discovered:
D:1:      roderic_crossed_star, layout_basic,
          hellmonk_ecumenical_altar_lost_god, nrook_mini_vaults
D:2:      layout_loops_ring, lemuel_old_faithful
D:3:      layout_loops_cross, uniq_natasha
D:4:      layout_basic, minmay_temple_entry_drinking_statues,
          hangedman_abyss_or_decor_stabs, minmay_stone_trees_small
Temple:   compressed_dpeg_triangle_lava_temple

Skill      XL: |  1  2  3  4  5  6 |
---------------+-------------------+-----
Shields        | 4 5 |  5.9
Armour         | 4 5 |  5.4
Axes           | 3 4 |  4.3
Fighting       | |  3.2

Action                   |  1- 3 |  4- 6 |  7- 9 || total
-------------------------+-------+-------+-------++-------
Melee: War axe           |    74 |   103 |    16 ||   193
Armor: Chain mail        |    47 |    51 |     4 ||   102
Dodge: Dodged            |    38 |    47 |     8 ||    93
Block: Buckler           |    13 |    30 |     2 ||    45
